 Dungeon Crawl Stone Soup version 0.23.0-41-g86b089e62c (webtiles) character file.

Game seed: 213826151624670013

125071 PikkenKukken the Fighter (level 17, -1/140 HPs)
             Began as a Formicid Fighter on Feb 27, 2019.
             Was the Champion of Okawaru.
             Drowned by a water nymph (12 damage)
             ... on level 2 of the Shoals.
             The game lasted 01:19:38 (29246 turns).

PikkenKukken the Fighter (Formicid Fighter)        Turns: 29246, Time: 01:19:39

Health: -1/140     AC: 30    Str: 25    XL:     17   Next: 49%
Magic:  21/21      EV: 13    Int: 15    God:    Okawaru [******]
Gold:   1947       SH: 16    Dex: 16    Spells: 16/16 levels left

rFire    + . .     SeeInvis +   a - +12 quarterstaff of Moral Flaws {crush, MR+}
rCold    . . .     Gourm    .   d - +2 shield {reflect}
rNeg     . . .     Faith    .   U - +4 plate armour {rF+}
rPois    +         Spirit   .   (helmet unavailable)
rElec    .         Reflect  +   N - +1 cloak {MR+}
rCorr    .         Harm     .   t - +1 pair of gloves {Str+3}
MR       +++..                  g - +2 pair of boots {run}
Stlth    ..........             K - +3 amulet of reflection
HPRegen  0.73/turn              Q - ring of poison resistance
MPRegen  0.17/turn              E - +5 ring of intelligence

@: engulfed (cannot breathe), very slow
A: permanent stasis, dig shafts and tunnels, four strong arms, antennae 3, agile
1, regeneration 1, shaggy fur 1
a: Dig, Shaft Self, Heroism, Finesse, Renounce Religion


You were on level 2 of the Shoals.
You worshipped Okawaru.
Okawaru was exalted by your worship.
You were not hungry.

You visited 5 branches of the dungeon, and saw 23 of its levels.
You visited the Abyss 1 time.

You collected 3162 gold pieces.
You spent 1215 gold pieces at shops.

Inventory:

Hand Weapons
 a - the +12 quarterstaff of Moral Flaws (weapon) {crush, MR+}
   (You bought it in a shop on level 2 of the Orcish Mines)

   It inflicts extra damage upon your enemies.
   It affects your resistance to hostile enchantments.
 b - a +0 arbalest
 e - a +0 quarterstaff of freezing
 P - a +1 lajatang of flaming
Missiles
 D - 235 bolts
 G - 3 throwing nets (quivered)
Armour
 d - a +2 shield of reflection (worn)
 g - a +2 pair of boots of running (worn)
 t - a +1 pair of gloves of strength (worn)
 N - a +1 cloak of magic resistance (worn)
 O - a scarf of resistance
 U - a +4 plate armour of fire resistance (worn)
 W - a +2 crystal plate armour
Jewellery
 l - an uncursed amulet of the gourmand
 E - a +5 ring of intelligence (right hand)
 H - an uncursed ring of ice
 K - a +3 amulet of reflection (around neck)
 Q - a ring of poison resistance (left hand)
Wands
 v - a wand of iceblast (41)
 x - a wand of disintegration (22)
 C - a wand of enslavement (7)
 F - a wand of paralysis (12)
 L - a wand of flame (8)
 M - a wand of acid (3)
 R - a wand of clouds (11)
 T - a wand of polymorph (9)
Scrolls
 c - a scroll of silence
 i - 5 scrolls of identify
 j - 3 scrolls of enchant armour
 k - 6 scrolls of immolation
 o - 11 scrolls of remove curse
 r - a scroll of fear
 u - 8 scrolls of amnesia
 y - 3 scrolls of fog
 J - 3 scrolls of enchant weapon
 V - 2 scrolls of brand weapon
 X - 2 scrolls of magic mapping
Potions
 h - 2 potions of ambrosia
 m - 2 potions of agility
 n - 12 potions of curing
 p - 6 potions of lignification
 q - 5 potions of mutation
 s - 8 potions of flight
 z - 3 potions of invisibility
 A - 3 potions of magic
 B - 3 potions of brilliance
 S - 4 potions of cancellation
Miscellaneous
 w - 2 sacks of spiders
Comestibles
 f - 46 rations
 Y - a chunk of flesh


   Skills:
 + Level 14.7 Fighting
 - Level 14.0 Staves
 + Level 12.2 Crossbows
 + Level 14.7 Armour
 + Level 11.0 Dodging
 - Level 5.1 Shields
 - Level 5.0 Invocations
 - Level 6.0 Evocations


You had 16 spell levels left.
You didn't know any spells.
Your spell library contained the following spells:

 Spells                   Type           Power        Failure   Level  Hunger
 Animate Skeleton         Necr           N/A          99%         1    ##.....
 Apportation              Tloc           #.....       99%         1    ##.....
 Confusing Touch          Hex            #.....       99%         1    ##.....
 Corona                   Hex            #......      99%         1    ##.....
 Freeze                   Ice            #...         99%         1    ##.....
 Infusion                 Chrm           #...         99%         1    ##.....
 Magic Dart               Conj           #...         99%         1    ##.....
 Sting                    Conj/Pois      #...         99%         1    ##.....
 Summon Small Mammal      Summ           #...         99%         1    ##.....
 Call Imp                 Summ           #.......     100%        2    ###....
 Ensorcelled Hibernation  Hex/Ice        #.....       100%        2    ###....
 Poisonous Vapours        Pois/Air       #.....       100%        2    ###....
 Shroud of Golubria       Chrm/Tloc      #.........   100%        2    ###....
 Slow                     Hex            #.......     100%        2    ###....
 Song of Slaying          Chrm           #.......     100%        2    ###....
 Confuse                  Hex            #.......     100%        3    ####...
 Conjure Flame            Conj/Fire      #.......     100%        3    ####...
 Dazzling Spray           Conj/Hex       #.....       100%        3    ####...
 Gell's Gravitas          Tloc           #.........   100%        3    ####...
 Mephitic Cloud           Conj/Pois/Air  #.......     100%        3    ####...
 Regeneration             Chrm/Necr      #.........   100%        3    ####...
 Spectral Weapon          Hex/Chrm       #.......     100%        3    ####...
 Static Discharge         Conj/Air       #.......     100%        3    ####...
 Summon Guardian Golem    Hex/Summ       #.......     100%        3    ####...
 Tukima's Dance           Hex            #.......     100%        3    ####...
 Olgreb's Toxic Radiance  Pois           #.......     100%        4    #####..
 Petrify                  Tmut/Erth      #.......     100%        4    #####..
 Lightning Bolt           Conj/Air       #.........   100%        5    ######.
 Metabolic Englaciation   Hex/Ice        #.........   100%        5    ######.
 Venom Bolt               Conj/Pois      #.........   100%        5    ######.
 Yara's Violent Unravell  Hex/Tmut       #.........   100%        5    ######.
 Ozocubu's Refrigeration  Ice            #.........   100%        6    #######
 Poison Arrow             Conj/Pois      #.........   100%        6    #######
 Simulacrum               Ice/Necr       #.........   100%        6    #######
 Chain Lightning          Conj/Air       #.........   100%        8    #######
 Ignition                 Fire           #.........   100%        8    #######
 Lehudib's Crystal Spear  Conj/Erth      #.........   100%        8    #######
 Fire Storm               Conj/Fire      #.........   100%        9    #######
 Glaciate                 Conj/Ice       #.........   100%        9    #######
 Shatter                  Erth           #.........   100%        9    #######
 Tornado                  Air            #.........   100%        9    #######
 Blink                    Tloc           Unusable     N/A         2    N/A

Dungeon Overview and Level Annotations

Branches:
Dungeon (10/15)            Temple (0/1) D:5            Lair (6/6) D:9
 Shoals (2/4) Lair:3       Spider (3/4) Lair:2        Slime (0/5) Lair:5
    Orc (2/2) D:10            Elf (0/3) Orc:2

Altars:
Ashenzari
Dithmenos
Fedhas
Okawaru
Ru
Uskayaw
Vehumet
Xom
Yredelemnul
Beogh
Jiyva

Shops:
D:5 }   D:10 }   Orc:2 :(:[*   Shoals:2 [:}

Annotations:
D:3 2 transporters, Laan's ghost, amateur FoFi
Lair:5 exclusion: 4 oklob plants
Lair:6 1 runed translucent door, P0WERM0DE's ghost, journeyman FoFi


Innate Abilities, Weirdness & Mutations

You cannot be hasted, slowed, berserked, paralysed or teleported.
You can dig through walls and to a lower floor.
Your four strong arms can wield two-handed weapons with a shield.
You have a pair of large antennae on your head. (SInv)
You are agile. (Dex +2)
Your natural rate of healing is unusually fast.
You are covered in fur. (AC +1)


Message History

The water elemental is heavily damaged.
* * * LOW HITPOINT WARNING * * *
Your lungs strain for air!
You feel much better.
* * * LOW HITPOINT WARNING * * *
Your lungs strain for air!
The water elemental barely misses you. The water nymph touches you.
The water nymph drowns you!
* * * LOW HITPOINT WARNING * * *
Splash!
You fall into the shallow water.
Moving in this stuff is going to be slow.
You barely miss the water elemental.
The water elemental is heavily damaged.
* * * LOW HITPOINT WARNING * * *
Your lungs strain for air!
You block the water elemental's attack. The water nymph touches you!
* * * LOW HITPOINT WARNING * * *
The water nymph drowns you!
You die...

≈≈≈≈≈≈P≈≈PP≈≈≈≈≈≈≈≈≈≈≈≈≈≈
≈≈≈≈PP≈≈≈P≈≈≈≈≈≈≈≈≈≈≈≈≈≈≈≈
≈≈≈≈≈≈≈PP≈≈≈≈≈≈≈≈≈≈≈≈≈≈≈≈≈
≈≈≈≈≈≈P≈≈P≈≈≈≈≈≈≈≈≈≈≈≈≈≈≈≈
≈≈≈≈≈≈≈≈≈≈≈≈≈≈≈≈≈≈≈≈≈≈≈≈≈≈
≈≈≈≈≈.≈≈≈≈≈≈(≈≈.≈≈≈≈≈≈≈≈≈≈
≈≈≈....≈≈≈.....≈≈≈≈≈≈≈≈≈..
≈.(..)..≈m≈....≈≈≈≈≈≈≈≈≈..
≈.....(.E@.....≈≈≈≈≈≈≈....
≈...(../......≈≈≈.......(.
..(......)≈.≈≈≈≈≈.........
.(...)...≈≈≈≈≈≈≈≈.........
.........≈≈≈≈≈≈≈≈.........
.........≈≈≈≈≈≈≈≈.........
...≈≈≈≈≈..≈≈≈≈≈≈8..∩..8...
.≈≈≈≈≈≈≈≈≈...≈≈≈≈.........
≈≈≈≈≈≈≈≈≈..............


You could see a water elemental and a water nymph.

Vanquished Creatures
  A kraken (Shoals:2)
  Donald (Shoals:1)
  An emperor scorpion (Lair:2)
  An orc warlord (Orc:1)
  3 entropy weavers
  6 dire elephants (Lair:6)
  A minotaur (Shoals:1)
  A merfolk javelineer (Shoals:1)
  A fire dragon (Lair:5)
  A merfolk impaler (Shoals:1)
  Fannar (D:10)
  6 hydras
  A merfolk avatar (Shoals:2)
  An anaconda (Lair:6)
  An alligator snapping turtle (Shoals:1)
  2 merfolk aquamancers (Shoals:2)
  3 two-headed ogres
  17 death yaks
  A satyr (Shoals:1)
  An orc high priest (Orc:2)
  Nergalle (Orc:2)
  Sonja (Lair:5)
  A sea snake (Shoals:1)
  4 orc knights
  15 orb spiders
  20 wolf spiders
  2 orc sorcerers (Orc:2)
  A cyclops (Orc:2)
  7 manticores
  7 fauns
  3 merfolk sirens
  Maurice (D:9)
  4 elephants (Lair:6)
  3 moths of wrath
  5 black mambas
  2 torpor snails
  A gargoyle (D:10)
  12 rime drakes
  11 spiny frogs
  10 komodo dragons
  3 demonic crawlers (Spider:3)
  6 trolls
  3 merfolk
  A polar bear (Lair:6)
  30 jumping spiders
  3 meliai (Shoals:1)
  2 hornets
  19 blink frogs
  8 hippogriffs
  3 wind drakes
  9 snapping turtles
  49 redbacks
  8 water elementals
  10 tarantellas
  37 yaks
  A wyvern (Lair:3)
  7 steam dragons
  A hungry ghost (D:10)
  3 wargs (Orc:2)
  10 water moccasins
  6 porcupines
  3 black bears (D:9)
  2 phantoms (D:10)
  31 orc warriors
  An ice beast (D:9)
  14 wolves
  7 ogres
  4 centaurs
  10 crocodiles
  20 bullfrogs
  2 troll zombies (D:10)
  10 killer bees
  5 wights
  2 howler monkeys
  An electric eel (Spider:3)
  2 bullfrog zombies (D:9)
  4 crimson imps
  22 orc priests
  8 hounds
  2 jellies
  A bullfrog skeleton (D:10)
  A gnoll shaman (D:4)
  21 orc wizards
  2 worker ants
  6 ogre zombies (D:10)
  3 hound skeletons
  3 worker ant zombies
  8 gnolls
  10 adders
  4 shadow imps
  2 worms (D:2)
  A dart slug (D:1)
  4 leopard geckos
  56 orcs
  8 giant cockroaches
  4 hobgoblins
  4 quokkas (D:3)
  3 ball pythons
  7 bats
  2 frilled lizards (D:3)
  4 goblins
  A goblin skeleton (D:10)
  5 goblin zombies (D:10)
  3 hobgoblin skeletons (D:10)
  2 hobgoblin zombies (D:10)
  6 kobolds
  2 orc skeletons (D:10)
  12 orc zombies (D:10)
  4 rats
  A fungus (D:9)
  3 plants
  2 tentacles (Shoals:2)
726 creatures vanquished.

Vanquished Creatures (others)
  4 fauns
  A rime drake (Lair:5)
  2 centaurs
  A bush (Lair:6)
  29 fungi
  12 plants
  2 starspawn tentacles (Abyss:3)
  14 tentacles (Shoals:2)
65 creatures vanquished.

Grand Total: 791 creatures vanquished

Notes
Turn   | Place    | Note
-------+----------+-------------------------------------------
     0 | D:1      | PikkenKukken the Formicid Fighter began the quest for the
                  | Orb.
     0 | D:1      | Reached XP level 1. HP: 18/18 MP: 1/1
   113 | D:1      | Reached XP level 2. HP: 19/24 MP: 2/2
   552 | D:1      | Reached XP level 3. HP: 29/29 MP: 3/3
  1065 | D:2      | Reached XP level 4. HP: 33/37 MP: 4/4
  1188 | D:2      | Found a radiant altar of Vehumet.
  1188 | D:2      | Found an iron altar of Okawaru.
  1193 | D:2      | Found a shattered altar of Ashenzari.
  1196 | D:2      | Became a worshipper of Warmaster Okawaru
  1199 | D:2      | Found a basalt altar of Yredelemnul.
  1201 | D:2      | Found a blossoming altar of Fedhas.
  2066 | D:3      | Found a transporter.
  2172 | D:3      | Reached XP level 5. HP: 42/42 MP: 5/5
  2402 | D:3      | Noticed an orc warrior
  2427 | D:3      | Killed an orc warrior
  2427 | D:3      | Reached skill level 1 in Invocations
  2427 | D:3      | Reached XP level 6. HP: 11/48 MP: 5/7
  2856 | D:3      | Found a transporter.
  2862 | D:3      | Noticed Laan's ghost (amateur FoFi)
  3115 | D:3      | Found a shimmering altar of Xom.
  3504 | D:4      | Found a shadowy altar of Dithmenos.
  3669 | D:4      | Noticed an ogre
  3669 | D:4      | Noticed an ogre
  3716 | D:3      | Killed an ogre
  3716 | D:3      | Reached * piety under Okawaru
  3716 | D:3      | Reached XP level 7. HP: 40/55 MP: 8/8
  3805 | D:4      | Reached skill level 5 in Shields
  3925 | D:4      | You fall through a shaft for 3 floors!
  4054 | D:6      | Reached skill level 5 in Staves
  4106 | D:5      | Entered Level 5 of the Dungeon
  4106 | D:5      | Found a blossoming altar of Fedhas.
  4138 | D:5      | Found a staircase to the Ecumenical Temple.
  4813 | D:5      | Found Juaps's Gadget Shop.
  5294 | D:5      | Reached skill level 5 in Fighting
  5294 | D:5      | Reached skill level 5 in Armour
  5683 | D:6      | Reached XP level 8. HP: 57/62 MP: 10/10
  5865 | D:6      | You fall through a shaft!
  6097 | D:5      | Reached ** piety under Okawaru
  6765 | D:7      | Reached XP level 9. HP: 51/69 MP: 12/12
  7090 | D:7      | Found a sacrificial altar of Ru.
  7234 | D:7      | Reached skill level 5 in Invocations
  8028 | D:8      | Noticed a hippogriff
  8037 | D:8      | Killed a hippogriff
  8059 | D:8      | Noticed a two-headed ogre
  8071 | D:8      | Killed a two-headed ogre
  8071 | D:8      | Reached *** piety under Okawaru
  8071 | D:8      | Reached XP level 10. HP: 55/79 MP: 11/13
  8339 | D:7      | Reached skill level 1 in Crossbows
  8761 | D:8      | Reached **** piety under Okawaru
  8960 | D:8      | Identified the Volume of Glacial Curses
  9132 | D:8      | Got an iridescent spear
  9133 | D:8      | Identified the +2 spear of Odejinec {holy, Str+2} (You
                  | found it on level 8 of the Dungeon)
  9199 | D:8      | Gained mutation: You are covered in fur. (AC +1) [potion of
                  | mutation]
  9199 | D:8      | Gained mutation: You are agile. (Dex +2) [potion of
                  | mutation]
  9199 | D:8      | Gained mutation: Your natural rate of healing is unusually
                  | fast. [potion of mutation]
  9567 | D:9      | Found a staircase to the Lair.
  9585 | D:9      | Noticed a two-headed ogre
  9628 | D:8      | Killed a two-headed ogre
  9628 | D:8      | Received a gift from Okawaru
  9628 | D:8      | Reached skill level 10 in Staves
  9628 | D:8      | Reached skill level 1 in Dodging
  9662 | D:9      | Reached ***** piety under Okawaru
  9750 | D:9      | Reached XP level 11. HP: 87/87 MP: 14/14
 10112 | D:9      | Noticed Maurice
 10146 | D:9      | Killed Maurice
 10610 | D:10     | Entered Level 10 of the Dungeon
 10610 | D:10     | Found Xoff's Gadget Shop.
 10703 | D:10     | Noticed a seven-headed hydra
 10722 | D:10     | Killed a seven-headed hydra
 10722 | D:10     | Received a gift from Okawaru
 10921 | D:10     | Noticed Fannar
 10939 | D:10     | Killed Fannar
 11243 | D:10     | Found a staircase to the Orcish Mines.
 11907 | Lair:1   | Entered Level 1 of the Lair of Beasts
 11973 | Lair:1   | Received a gift from Okawaru
 11973 | Lair:1   | Reached skill level 5 in Crossbows
 11980 | Lair:1   | Got a scorched scale mail {god gift}
 11991 | Lair:1   | Identified the +2 scale mail "Zody" {Int+3 SInv} (Okawaru
                  | gifted it to you on level 1 of the Lair of Beasts)
 12160 | Lair:1   | Reached XP level 12. HP: 91/96 MP: 15/15
 12714 | Lair:2   | Found a hole to the Spider Nest.
 13318 | Lair:2   | Noticed an eight-headed hydra
 13327 | Lair:2   | Killed an eight-headed hydra
 13327 | Lair:2   | Reached skill level 10 in Fighting
 13327 | Lair:2   | Reached skill level 10 in Armour
 13652 | Lair:3   | Found a staircase to the Shoals.
 13710 | Lair:3   | Received a gift from Okawaru
 13880 | Lair:3   | Reached skill level 5 in Dodging
 13923 | Lair:3   | Reached ****** piety under Okawaru
 14193 | Lair:3   | Reached XP level 13. HP: 104/104 MP: 16/16
 14326 | Lair:3   | Noticed a seven-headed hydra
 14335 | Lair:3   | Killed a seven-headed hydra
 15124 | Lair:4   | Received a gift from Okawaru
 15415 | Lair:4   | Received a gift from Okawaru
 16464 | Lair:5   | Noticed Sonja
 16467 | Lair:5   | Killed Sonja
 16748 | Lair:5   | Found a radiant altar of Vehumet.
 17089 | Lair:5   | Found a viscous altar of Jiyva.
 17090 | Lair:5   | Found a staircase to the Slime Pits.
 17161 | Lair:6   | Entered Level 6 of the Lair of Beasts
 17167 | Lair:6   | Found a runed translucent door.
 17169 | Lair:6   | Found a shimmering altar of Xom.
 17169 | Lair:6   | Noticed P0WERM0DE's ghost (journeyman FoFi)
 17182 | Lair:6   | Noticed a seven-headed hydra
 17202 | Lair:6   | Killed a two-headed hydra
 17569 | Lair:5   | Reached XP level 14. HP: 94/113 MP: 17/17
 17766 | Lair:6   | Received a gift from Okawaru
 19136 | Lair:5   | Received a gift from Okawaru
 19927 | Lair:6   | Noticed a dire elephant
 19934 | Lair:6   | Killed a dire elephant
 19954 | Lair:6   | Noticed a dire elephant
 19968 | Lair:6   | Killed a dire elephant
 20010 | Lair:6   | Noticed a dire elephant
 20010 | Lair:6   | Noticed a dire elephant
 20031 | Lair:6   | Killed a dire elephant
 20031 | Lair:6   | Reached XP level 15. HP: 94/122 MP: 10/18
 20301 | Lair:6   | Received a gift from Okawaru
 20949 | Orc:1    | Entered Level 1 of the Orcish Mines
 21422 | Orc:1    | Received a gift from Okawaru
 21422 | Orc:1    | Reached skill level 10 in Crossbows
 21783 | Orc:2    | Entered Level 2 of the Orcish Mines
 22379 | Orc:2    | Noticed Nergalle
 22401 | Orc:2    | Killed Nergalle
 22489 | Orc:2    | Received a gift from Okawaru
 22489 | Orc:2    | Noticed an orc warlord
 22510 | Orc:1    | Killed an orc warlord
 22713 | Orc:2    | Found a roughly hewn altar of Beogh.
 22728 | Orc:2    | Found Hotishay's General Store.
 22779 | Orc:2    | Found Xuumenia's Antique Armour Shop.
 22828 | Orc:2    | Found Bawn's Antique Weapon Shop.
 22845 | Orc:2    | Found Yrremn's Book Shop.
 22870 | Orc:2    | Bought a faintly glowing quarterstaff for 189 gold pieces
 22887 | Orc:2    | Bought a glowing plate armour for 806 gold pieces
 22903 | Orc:2    | Bought a scroll of brand weapon for 220 gold pieces
 22904 | Orc:2    | Identified the +12 quarterstaff of Moral Flaws {crush, MR+}
                  | (You bought it in a shop on level 2 of the Orcish Mines)
 23111 | Orc:2    | Found Xaatall's Book Shop.
 23295 | Orc:2    | Found a staircase to the Elven Halls.
 23507 | Spider:1 | Entered Level 1 of the Spider Nest
 23687 | Spider:1 | Received a gift from Okawaru
 23722 | Spider:1 | Noticed an emperor scorpion
 23750 | Lair:2   | Killed an emperor scorpion
 23973 | Spider:1 | Received a gift from Okawaru
 23973 | Spider:1 | Reached XP level 16. HP: 120/131 MP: 19/19
 23985 | Spider:1 | Identified a +1 pair of boots of running (Okawaru gifted it
                  | to you on level 1 of the Spider Nest)
 24795 | Spider:2 | Reached skill level 10 in Dodging
 24795 | Spider:2 | Reached skill level 1 in Evocations
 25518 | Spider:2 | Identified a scroll of acquirement
 25897 | Spider:3 | Received a gift from Okawaru
 26252 | Spider:3 | Received a gift from Okawaru
 26711 | Shoals:1 | Entered Level 1 of the Shoals
 26932 | Shoals:1 | Received a gift from Okawaru
 27042 | Shoals:1 | Reached XP level 17. HP: 130/140 MP: 20/20
 27141 | Shoals:1 | Found a hide-covered altar of Uskayaw.
 27372 | Shoals:1 | Noticed Donald
 27390 | Shoals:1 | Killed Donald
 27481 | Shoals:1 | Reached skill level 5 in Evocations
 27652 | Shoals:1 | Cast into level 3 of the Abyss (merfolk impaler)
 27733 | Abyss:3  | Noticed a tentacled starspawn
 27855 | Shoals:1 | Escaped the Abyss
 28513 | Shoals:2 | Noticed a kraken
 28515 | Shoals:2 | Received a gift from Okawaru
 28555 | Shoals:2 | Killed a kraken
 28648 | Shoals:2 | Found Hewn's Book Emporium.
 28672 | Shoals:2 | Found Qauffuf's Gadget Shoppe.
 29138 | Shoals:2 | Found a shimmering altar of Xom.
 29155 | Shoals:2 | Found Lozepun's Armour Emporium.
 29246 | Shoals:2 | Drowned by a water nymph

Skill      XL: |  1  2  3  4  5  6  7  8  9 10 11 12 13 14 15 16 17 |
---------------+----------------------------------------------------+-----
Shields        | 4 5 |  5.1
Staves         | 3 4 5 6 8 10 11 12 13 14 | 14.0
Fighting       | 4 5 7 8 9 10 11 12 13 14 | 14.7
Armour         | 4 5 7 8 9 10 11 12 13 14 | 14.7
Invocations    | 1 2 3 4 5 |  5.0
Crossbows      | 3 5 6 7 9 10 11 12 | 12.2
Dodging        | 1 3 5 6 8 9 10 11 | 11.0
Evocations     | 4 6 |  6.0

Action                   |  1- 3 |  4- 6 |  7- 9 | 10-12 | 13-15 | 16-18 || total
-------------------------+-------+-------+-------+-------+-------+-------++-------
Melee: Quarterstaff      |    61 |   201 |   208 |   682 |    93 |   485 ||  1730
       Lajatang          |       |       |       |    66 |   750 |       ||   816
 Fire: Arbalest          |       |       |    43 |   141 |   297 |   332 ||   813
Invok: Heroism           |       |       |     9 |    14 |    23 |    10 ||    56
       Finesse           |       |       |       |       |     6 |     2 ||     8
 Abil: Dig               |       |     3 |     1 |    12 |    10 |    15 ||    41
       Shaft Self        |       |       |     1 |       |       |       ||     1
Evoke: Wand              |       |       |       |     4 |     1 |     3 ||     8
  Use: Scroll            |     7 |     7 |     2 |     4 |    12 |     5 ||    37
       Potion            |       |     1 |       |     1 |     1 |     2 ||     5
  Eat: Chunk             |     5 |    15 |    13 |    32 |    24 |    17 ||   106
Armor: Scale mail        |    37 |    29 |       |       |       |       ||    66
       Plate armour      |       |    39 |    75 |   305 |   354 |   288 ||  1061
Dodge: Dodged            |    33 |    38 |    20 |   159 |   285 |   267 ||   802
Block: Shield            |    33 |    96 |   103 |   420 |   578 |   446 ||  1676
       Reflection        |       |       |       |       |    11 |    39 ||    50
